 Dungeon Crawl Stone Soup version 0.29-a0-384-g6960b1960d (webtiles) character file.

Game seed: 5219510929785338392

290 lesaewzxc the Conjurer (level 6, -6/32 HPs)
             Began as a Deep Elf Conjurer on May 7, 2022.
             Mangled by an orc priest
             ... wielding a +2 mace of distortion
              (22 damage)
             ... on level 4 of the Dungeon.
             The game lasted 00:16:59 (2480 turns).

lesaewzxc the Conjurer (Deep Elf Conjurer)          Turns: 2480, Time: 00:16:59

Health: -6/32      AC:  7    Str:  4    XL:     6   Next: 9%
Magic:  4/15       EV: 13    Int: 25    God:
Gold:   105        SH:  0    Dex: 13    Spells: 9/15 levels left

rFire   x . .      SeeInvis .   (no weapon)
rCold   + . .      Faith    .   (no shield)
rNeg    . . .      Spirit   .   a - +1 robe
rPois   .          Reflect  .   (no helmet)
rElec   .          Harm     .   (no cloak)
rCorr   .          Rampage  .   (no gloves)
Will    .....                   (no boots)
Stlth   ++........              (no amulet)
HPRegen 0.10/turn               c - ring of ice
MPRegen 0.14/turn               k - +4 ring of protection

@: no status effects
A: no striking features
a: no special abilities


You were on level 4 of the Dungeon.
You visited 1 branch of the dungeon, and saw 4 of its levels.

You collected 105 gold pieces.

Inventory:

Armour
 a - a +1 robe (worn)
Jewellery
 c - a ring of ice (left hand)
 k - a +4 ring of protection (right hand)
Scrolls
 e - 2 scrolls of identify
 g - a scroll of immolation
 h - 2 scrolls of teleportation
 m - a scroll of magic mapping {unknown}
 n - a scroll of noise {unknown}
Potions
 b - a potion of magic
 d - 3 potions of haste
 i - a potion of mutation {unknown}
 j - a potion of resistance {unknown}
 l - a potion of lignification {unknown}


   Skills:
 + Level 3.5 Dodging
 + Level 3.4 Stealth
 * Level 5.0 Spellcasting
 * Level 5.4 Conjurations
 * Level 2.7 Translocations
 + Level 1.7 Ice Magic


You had 9 spell levels left.
You knew the following spells:

 Your Spells              Type           Power      Damage    Failure   Level
a - Magic Dart            Conj           100%       1d8       1%          1
b - Searing Ray           Conj           66%        2d6       1%          2
c - Teleport Other        Tloc           19%        N/A       9%          3

Your spell library contained the following spells:

 Spells                   Type           Power      Damage    Failure   Level
 Ensorcelled Hibernation  Hex/Ice        30%        N/A       9%          2
 Dazzling Flash           Conj/Hex       38%        N/A       9%          3
 Gell's Gravitas          Tloc           19%        N/A       9%          3
 Lesser Beckoning         Tloc           19%        N/A       9%          3
 Passwall                 Tmut/Erth      5%         N/A       12%         2
 Iskenderun's Mystic Bla  Conj/Tloc      26%        2d7       16%         4
 Swiftness                Air            6%         N/A       24%         3
 Fulminant Prism          Conj/Hex       9%         3d7       26%         4


Dungeon Overview and Level Annotations

Branches:
Dungeon (4/15)
 Temple: D:4-7

Altars:
The Shining One

Shops:
D:4 (


Message History

You feel sick.
The orc wizard hits you but does no damage.
You feel sick.
Aiming: Magic Dart (safe; 1% risk of failure)
Press: ? - help, Q - select action, (/) - cycle Shift-Dir - straight line, f/p - orc wizard
Aim: an orc wizard, wielding a +2 dagger of venom and wearing a +0 robe (almost dead, 100% to hit)
The magic dart hits the orc wizard.
You kill the orc wizard!
You feel sick.
Your Spellcasting skill increases to level 5!
You have reached level 6!
Aiming: Searing Ray (safe; 1% risk of failure)
Press: ? - help, Q - select action, (/) - cycle Shift-Dir - straight line, f - orc priest
Aim: an orc priest, wielding a +2 mace of distortion and wearing a +0 leather armour (81% to hit)
The searing ray hits the orc priest.
The orc priest is heavily wounded.
The searing ray misses the orc. (Press . to maintain the ray.)
You feel sick. The endoplasm barely misses you.
The orc priest invokes the aid of Beogh against you.
Pain shoots through your body!
Your magical contamination has completely faded away.
The searing ray hits the orc priest.
The orc priest is severely wounded.
The searing ray hits the orc!
You kill the orc!
You feel sick. The endoplasm closely misses you.
The orc priest hits you with a +2 mace of distortion.
The searing ray hits the orc priest.
The orc priest is almost dead.
You feel sick. The endoplasm barely misses you.
The orc priest hits you with a +2 mace of distortion.
* * * LOW HITPOINT WARNING * * *
Space warps around you.
* * * LOW HITPOINT WARNING * * *
It was a potion of curing.
You feel better.
The orc priest hits you but does no damage.
Space warps horribly around you!!
Ouch! That really hurt!
You die...

... ...#####.##.#
...###..### .##.#
#.......<.# ###.#
#.........# #.#
#.....)...# #.#
#.........+ #.#
#........)# #.#
#.#.....Jo# #.#
#######@# #.#
#.......# #.#
#.#####.###.##.#
#.....##.#########
#.######.#........
#.................
##................
#................
#...............[


You could see an orc priest and an endoplasm.

Vanquished Creatures
  2 ice beasts (D:3)
  An orc wizard (D:4)
  2 adders
  2 dart slugs
  4 orcs
  7 ball pythons
  6 endoplasms
  A giant cockroach (D:2)
  7 goblins
  6 hobgoblins
  2 jackals (D:1)
  3 kobolds
  2 quokkas
  5 bats
  2 frilled lizards
  5 rats
57 creatures vanquished.

Notes
Turn   | Place    | Note
-------+----------+-------------------------------------------
     0 | D:1      | lesaewzxc the Deep Elf Conjurer began the quest for the
                  | Orb.
     0 | D:1      | Reached XP level 1. HP: 10/10 MP: 6/6
   241 | D:1      | Reached XP level 2. HP: 15/15 MP: 6/8
   834 | D:1      | Learned a level 2 spell: Searing Ray
   959 | D:2      | Reached XP level 3. HP: 19/19 MP: 6/10
  1008 | D:2      | Reached skill level 1 in Translocations
  1324 | D:2      | Found a faded altar of an unknown god.
  1621 | D:3      | Noticed an ice beast
  1627 | D:3      | Killed an ice beast
  1628 | D:3      | Reached skill level 5 in Conjurations
  1628 | D:3      | Reached skill level 1 in Ice Magic
  1628 | D:3      | Reached XP level 4. HP: 20/24 MP: 1/12
  1628 | D:3      | Reached XP level 5. HP: 24/28 MP: 1/13
  1815 | D:3      | Found a glowing golden altar of the Shining One.
  2105 | D:3      | Noticed an ice beast
  2115 | D:3      | Killed an ice beast
  2138 | D:3      | Learned a level 3 spell: Teleport Other
  2327 | D:4      | Found Ezityd's Weapon Boutique.
  2477 | D:4      | Reached skill level 5 in Spellcasting
  2477 | D:4      | Reached XP level 6. HP: 22/32 MP: 8/15
  2480 | D:4      | Mangled by an orc priest

Illustrated notes

Levels and vault maps discovered:
D:1:      tarquinn_simple_flora_water_f, layout_rooms
D:2:      layout_rooms, ebering_ecumenical_altar_abandoned,
          minmay_split_cup_small, uniq_robin
D:3:      layout_rooms, tso_metal_star, minmay_between
D:4:      layout_basic, makhleb_altar_promises_db, serial_shops,
          nicolae_shop_hallway_stairs

Skill      XL: |  1  2  3  4  5 |
---------------+----------------+-----
Translocations | 2 |  2.7
Dodging        | 3 |  3.5
Spellcasting   | 4 5 |  5.0
Stealth        | 3 |  3.4
Conjurations   | 5 |  5.4
Ice Magic      | 1 |  1.7

Action                   |  1- 3 |  4- 6 || total
-------------------------+-------+-------++-------
 Cast: Magic Dart        |    65 |    23 ||    88
       Searing Ray       |     5 |     4 ||     9
  Use: Scroll            |     3 |     2 ||     5
       Potion            |       |     2 ||     2
Armor: Robe              |     6 |     4 ||    10
Dodge: Dodged            |    21 |     8 ||    29

Table legend: (Time is in decaauts)
 A = Elapsed time spent in this place.
 B = Non-inter-level travel time spent in this place.
 C = Inter-level travel time spent in this place.
 D = Time resting spent in this place.
 E = Time spent auto-exploring this place.
 F = Levels seen in this place.
 G = Mean time per level.
                   A        B        C        D        E       F      G
               +--------+--------+--------+--------+--------+-----+--------+
         Total |   2466 |   2379 |     87 |      0 |     85 |   4 |  616.5 |
       Dungeon |   2466 |   2379 |     87 |      0 |     85 |   4 |  616.5 |
               +--------+--------+--------+--------+--------+-----+--------+

Top non-repeatable levels by time:
     D:1: 1228 daAuts
     D:3: 763 daAuts
     D:2: 315 daAuts
     D:4: 159 daAuts
